 Dungeon Crawl Stone Soup version 0.30.0-5-g1a98f26d00 (webtiles) character file.

Game seed: 473900414818378556

51877 BillyBaka the Covert (level 14, -2/78 (79) HPs)
             Began as a Vine Stalker Monk on May 10, 2023.
             Was a High Priest of the Shining One.
             Slain by a dire elephant (24 damage)
             ... on level 5 of the Lair of Beasts.
             The game lasted 01:36:08 (16470 turns).

BillyBaka the Covert (Vine Stalker Monk)           Turns: 16470, Time: 01:36:08

HP:   -2/78 (79)    AC: 13    Str: 16    XL:     14   Next: 61%
MP:   0/20          EV: 23    Int: 10    God:    the Shining One [*****.]
Gold: 645           SH: 16    Dex: 20    Spells: 17/17 levels left

rFire   . . .        x - +1 short sword (freeze)
rCold   + + .        R - +4 kite shield {AC+3}
rNeg    + + .        W - +1 robe of Vines {NoPotionHeal Regen++++}
rPois   .            U - +1 hat {Will+}
rElec   .            O - +2 cloak {Will+}
rCorr   +            J - +0 pair of gloves
SInv    .            h - +0 pair of boots
Will    +++..        M - amulet "Gagreju" {Acrobat Fly rC++ Regen+ Slay-2}
Stlth   ++           G - +5 ring of evasion
HPRegen 5.13/turn    u - ring of resist corrosion
MPRegen 0.17/turn

%: acrobat, guardian spirit
@: about to teleport, flying, glowing, studying Dodging, lightly drained
A: fangs 3, regeneration 1, magic shield, antimagic bite, no potion heal 2
a: Renounce Religion, Divine Shield, Cleansing Flame, Summon Divine Warrior


You were on level 5 of the Lair of Beasts.
You worshipped the Shining One.
The Shining One was extremely pleased with you.
You visited 3 branches of the dungeon, and saw 17 of its levels.

You collected 995 gold pieces.
You spent 350 gold pieces at shops.

Inventory:

Hand Weapons
 a - a +2 hand crossbow of flaming
 b - a +2 antimagic dagger
 x - a +1 short sword of freezing (weapon)
Missiles
 o - 7 silver javelins
 w - 12 boomerangs
 L - a throwing net
 Q - 5 curare-tipped darts
Armour
 d - an orb of light
 h - a +0 pair of boots (worn)
 J - a +0 pair of gloves (worn)
 O - a +2 cloak of willpower (worn)
 R - a +4 kite shield of protection (worn)
 U - a +1 hat of willpower (worn)
 W - the +1 robe of Vines (worn) {NoPotionHeal Regen++++}
   (You found it on level 1 of the Lair of Beasts)

   NoPotionHeal: Its wearer cannot be healed by potions.
   Regen:     It increases your rate of health regeneration.
 Y - a +1 robe of resistance
Magical Staves
 i - a staff of conjuration
Jewellery
 r - the ring "Ciatewyh" {Fire Int+3}
   (You found it on level 3 of the Dungeon)

   [ring of fire]

   It enhances your fire magic.
   Int:       It affects your intelligence (+3).
   rF:        It protects you from fire.
   rC:        It makes you vulnerable to cold.
 u - a ring of resist corrosion (right hand)
 G - a +5 ring of evasion (left hand)
 M - the amulet "Gagreju" (around neck) {Acrobat Fly rC++ Regen+ Slay-2}
   (You acquired it on level 9 of the Dungeon)

   [amulet of the acrobat]

   It increases your evasion while moving and waiting.
   Slay:      It affects your accuracy & damage with ranged weapons and melee
   (-2).
   rC:        It greatly protects you from cold.
   Fly:       It grants you flight.
   Regen:     It increases your rate of health regeneration.
 X - a +6 ring of dexterity
Wands
 p - a wand of flame (9) (quivered)
 s - a wand of mindburst (22)
 v - a wand of quicksilver (4)
 I - a wand of polymorph (19)
 P - a wand of charming (19)
 T - a wand of iceblast (13)
Scrolls
 e - a scroll of butterflies
 f - 5 scrolls of fog
 k - a scroll of amnesia
 t - 5 scrolls of teleportation
 y - a scroll of poison
 A - a scroll of blinking
 B - 2 scrolls of noise {unknown}
 C - 3 scrolls of magic mapping
 F - a scroll of fear
 K - 2 scrolls of silence
 N - a scroll of enchant weapon {unknown}
Potions
 c - 7 potions of ambrosia
 g - 4 potions of curing
 j - 2 potions of cancellation {unknown}
 l - 2 potions of haste {unknown}
 m - 3 potions of heal wounds {unknown}
 n - 2 potions of resistance {unknown}
 q - a potion of berserk rage {unknown}
 z - 5 potions of lignification
 D - a potion of might {unknown}
 E - 3 potions of mutation {unknown}
 H - 2 potions of brilliance {unknown}
 S - 3 potions of magic {unknown}
 V - a potion of experience {unknown}


   Skills:
 * Level 11.0 Fighting
 - Level 10.5 Short Blades
 * Level 0.2 Ranged Weapons
 - Level 4.7 Armour
 + Level 10.5 Dodging
 + Level 12.1 Stealth
 * Level 9.6 Shields
 - Level 2.2 Spellcasting
 + Level 7.8 Invocations
 - Level 3.6 Evocations


You had 17 spell levels left.
You didn't know any spells.
Your spell library contained the following spells:

 Spells                   Type           Power      Damage    Failure   Level
 Freeze                   Ice            4%         1d3       56%         1
 Magic Dart               Conj           4%         1d3       56%         1
 Call Imp                 Summ           2%         N/A       71%         2
 Cigotuvi's Dreadful Rot  Necr/Pois/Air  2%         N/A       71%         2
 Ensorcelled Hibernation  Hex/Ice        2%         N/A       71%         2
 Passwall                 Tmut/Erth      0%         N/A       71%         2
 Scorch                   Fire           2%         2d5       71%         2
 Frozen Ramparts          Ice            2%         1d1       90%         3
 Hailstorm                Conj/Ice       1%         3d3       90%         3
 Ignite Poison            Fire/Tmut/Pois 1%         N/A       90%         3
 Mephitic Cloud           Conj/Pois/Air  1%         N/A       90%         3
 Portal Projectile        Hex/Tloc       2%         N/A       90%         3
 Stone Arrow              Conj/Erth      2%         3d7       90%         3
 Swiftness                Air            1%         N/A       90%         3
 Tukima's Dance           Hex            1%         N/A       90%         3
 Animate Armour           Summ/Erth      2%         N/A       100%        4
 Flame Wave               Conj/Fire      1%         2d4       100%        4
 Passage of Golubria      Tloc           1%         N/A       100%        4
 Blade Hands              Tmut           0%         N/A       100%        5
 Freezing Cloud           Conj/Ice/Air   0%         6-21      100%        5
 Silence                  Hex/Air        0%         N/A       100%        5
 Yara's Violent Unravell  Hex/Tmut       0%         3d3       100%        5
 Summon Cactus Giant      Summ           0%         N/A       100%        6
 Lehudib's Crystal Spear  Conj/Erth      0%         10d2      100%        8


Dungeon Overview and Level Annotations

Branches:
Dungeon (11/15)            Temple (1/1) D:6            Lair (5/5) D:11
  Swamp (0/4) Lair:2        Snake (0/4) Lair:2        Slime (0/5) Lair:4
    Orc (0/2) D:9

Altars:
Ashenzari
Cheibriados
Dithmenos
Elyvilon
Fedhas
Gozag
Hepliaklqana
Kikubaaqudgha
Makhleb
Nemelex Xobeh
Okawaru
Qazlal
Ru
Sif Muna
Trog
Uskayaw
Vehumet
Wu Jian
Xom
Yredelemnul
Zin
The Shining One
Jiyva

Shops:
D:4 (   D:8 [   D:9 (?   D:10 **


Innate Abilities, Weirdness & Mutations

You have razor-sharp teeth.
Your natural rate of healing is unusually fast.
When hurt, damage is shared between your health and your magic reserves.
Your bite disrupts and absorbs the magic of your enemies.
Potions cannot restore your health.


Message History

The necromancer gestures wildly while chanting.
The necromancer binds the souls of nearby monsters.
You hit the dire elephant but do no damage.
You bite the dire elephant, but do no damage.
The dire elephant is severely wounded.
The dire elephant tramples you but does no damage.
The dire elephant completely misses you.
You hit the dire elephant but do no damage.
You bite the dire elephant. You drain its power.
You feel invigorated.
The dire elephant is severely wounded.
The dire elephant tramples you!!
* * * LOW HITPOINT WARNING * * *
You hold your ground!
The dire elephant closely misses you.
The necromancer casts a spell.
The necromancer binds the souls of nearby monsters.
The dire elephant closely misses you. The dire elephant trunk-slaps you.
* * * LOW HITPOINT WARNING * * *
You feel magic returning to you.
Your +1 short sword of freezing glows with a cold blue light!
x - a +1 short sword of freezing (weapon)
The dire elephant barely misses you.
The dire elephant completely misses you.
Okay, then.
As you read the scroll of teleportation, it crumbles to dust.
You feel strangely unstable.
The dire elephant's soul is no longer bound.
You block the dire elephant's attack. x2; The dire elephant tramples you!
* * * LOW HITPOINT WARNING * * *
You hold your ground!
The dire elephant trunk-slaps you.
* * * LOW HITPOINT WARNING * * *
You hit the dire elephant but do no damage.
You bite the dire elephant, but do no damage.
The dire elephant is severely wounded.
The dire elephant misses you. The dire elephant closely misses you.
You hit the dire elephant but do no damage.
You bite the dire elephant, but do no damage.
The dire elephant is severely wounded.
The dire elephant closely misses you. You block the dire elephant's attack.
The dire elephant tramples you!!
You die...

♣♣.P......## ♣..........###
#.........# ####''#''#########
########
#8..#..Y.8##.~~##8...8##P.
#...#P..Y.pYp~≈~'...?)#8..
#.#.####.8#Y~≈≈≈'...$)#...
#+#...Y####.≈≈≈≈#8...8#.).
####pYY@#~~~~.#######8..
####Y###~.###8P8###..
#♣♣♣##P..#####8P⌠.8#### ##
##♣...P###...............
.♣#####♣♣P......♣########'''#####
...........#.P..................#
#P.......####..................#.
........##................#.....#
................................#


You could see 4 dire elephants and a necromancer.

Vanquished Creatures
  Gastronok (Lair:1)
  3 hydras
  A catoblepas (Lair:3)
  A centaur warrior (D:11)
  2 two-headed ogres
  A death yak (Lair:5)
  A skyshark (Lair:3)
  A spectral death yak (Lair:5)
  2 bog bodies (Lair:2)
  A spectral anaconda (Lair:5)
  Pikel (D:6)
  3 oklob plants
  A necromancer (Lair:5)
  An ugly thing (D:11)
  12 elephants
  A salamander (Lair:2)
  A dire elephant zombie (Lair:5)
  A cyclops (D:11)
  2 black mambas
  Joseph (D:7)
  13 rime drakes
  9 cane toads
  11 komodo dragons
  A polar bear (Lair:5)
  A burning bush (Lair:3)
  A troll (D:11)
  A queen bee (Lair:1)
  Grinder (D:6)
  22 blink frogs
  A shadow (D:11)
  Sigmund (D:2)
  76 yaks
  2 wyverns
  A wraith (D:10)
  2 basilisks
  12 steam dragons
  Grum (D:8)
  Edmund (D:6)
  2 swamp worms (Lair:2)
  2 acid dragons
  10 water moccasins
  Duvessa (D:7)
  2 orc warriors
  A sky beast (D:8)
  3 black bears
  2 elephant zombies (Lair:5)
  3 ice beasts
  20 wolves
  2 ogres (D:5)
  A centaur (D:9)
  An elephant skeleton (Lair:5)
  7 bullfrogs
  A gnoll sergeant (D:6)
  A scorpion (D:6)
  Dowan (D:7)
  31 killer bees
  An elephant simulacrum (Lair:5)
  8 howler monkeys
  3 electric eels
  4 lava snakes (Lair:2)
  2 jellies
  8 hounds
  4 orc priests
  Crazy Yiuf (D:7)
  A sleepcap (D:6)
  3 iguanas
  10 orc wizards
  3 adders
  6 gnolls
  3 shadow imps (D:4)
  6 white imps
  3 ufetubi
  3 worms
  10 dart slugs (D:3)
  30 orcs
  7 bats
  7 endoplasms
  5 giant cockroaches
  9 goblins
  3 hobgoblins
  7 kobolds
  5 quokkas
  6 ball pythons
  3 frilled lizards
  5 rats
  A spectral goblin (D:10)
453 creatures vanquished.

Vanquished Creatures (others)
  2 water moccasins (Lair:2)
2 creatures vanquished.

Grand Total: 455 creatures vanquished

Notes
Turn   | Place    | Note
-------+----------+-------------------------------------------
     0 | D:1      | BillyBaka the Vine Stalker Monk began the quest for the
                  | Orb.
     0 | D:1      | Reached XP level 1. HP: 11/11 MP: 2/2
    83 | D:1      | Reached XP level 2. HP: 16/16 MP: 3/3
   184 | D:1      | Reached skill level 1 in Stealth
   449 | D:1      | Reached XP level 3. HP: 18/19 MP: 4/4
  1138 | D:2      | Noticed Sigmund
  1298 | D:2      | Killed Sigmund
  1299 | D:2      | Reached skill level 2 in Stealth
  1299 | D:2      | Gained mutation: Your natural rate of healing is unusually
                  | fast. [Vine Stalker growth]
  1299 | D:2      | Reached XP level 4. HP: 14/24 MP: 5/5
  1299 | D:2      | Reached XP level 5. HP: 16/28 MP: 6/6
  1684 | D:3      | Reached skill level 3 in Stealth
  1781 | D:3      | Identified the ring "Ciatewyh" {Fire Int+3}
  1900 | D:3      | Reached XP level 6. HP: 32/32 MP: 7/7
  2590 | D:4      | Found Couset's Weapon Shop.
  2772 | D:4      | Noticed an ice beast
  2796 | D:4      | Killed an ice beast
  2797 | D:4      | Reached skill level 1 in Spellcasting
  2797 | D:4      | Reached skill level 1 in Evocations
  2797 | D:4      | Reached XP level 7. HP: 37/37 MP: 9/9
  3039 | D:4      | Identified the +4 chain mail of Ywig {rF+ SInv}
  3097 | D:4      | Found a sparkling altar of Nemelex Xobeh.
  3331 | D:5      | Entered Level 5 of the Dungeon
  3352 | D:4      | Reached skill level 4 in Stealth
  3448 | D:5      | Reached skill level 5 in Short Blades
  3610 | D:5      | Gained mutation: You have razor-sharp teeth. [Vine Stalker
                  | growth]
  3610 | D:5      | Reached XP level 8. HP: 41/42 MP: 10/12
  3687 | D:5      | Reached skill level 1 in Armour
  4214 | D:6      | Found a staircase to the Ecumenical Temple.
  4241 | D:6      | Noticed Edmund
  4242 | Temple   | Entered the Ecumenical Temple
  4242 | Temple   | Found a transporter.
  4242 | Temple   | Found a transporter.
  4245 | Temple   | Found a transporter.
  4245 | Temple   | Found a transporter.
  4268 | Temple   | Became a worshipper of the Shining One
  4268 | Temple   | Reached * piety under the Shining One
  4268 | Temple   | Reached ** piety under the Shining One
  4301 | D:6      | Killed Edmund
  4302 | D:6      | Reached skill level 5 in Stealth
  4507 | D:6      | Noticed Grinder
  4517 | D:6      | Reached XP level 9. HP: 46/46 MP: 13/13
  4529 | D:6      | Paralysed by Grinder for 3 turns
  4546 | D:6      | Killed Grinder
  4671 | D:6      | Noticed Pikel
  4693 | D:6      | Killed Pikel
  4694 | D:6      | Reached skill level 5 in Fighting
  4694 | D:6      | Reached skill level 6 in Stealth
  4779 | D:6      | Found an ancient bone altar of Kikubaaqudgha.
  4869 | D:6      | Identified a scroll of acquirement
  4873 | D:6      | Acquired a manual of Dodging
  5329 | D:7      | Reached skill level 5 in Dodging
  5436 | D:7      | Noticed Joseph
  5448 | D:7      | Reached skill level 1 in Invocations
  5470 | D:7      | Killed Joseph
  5471 | D:7      | Reached XP level 10. HP: 37/52 MP: 11/14
  5601 | D:7      | Reached skill level 7 in Stealth
  5602 | D:7      | Found a white marble altar of Elyvilon.
  5608 | D:7      | Noticed Duvessa
  5609 | D:7      | Noticed Dowan
  5624 | D:7      | Killed Duvessa
  5631 | D:7      | Killed Dowan
  6029 | D:7      | Found a runed translucent door.
  6030 | D:7      | Noticed Crazy Yiuf
  6041 | D:7      | Killed Crazy Yiuf
  6147 | D:8      | Noticed Grum
  6249 | D:8      | Killed Grum
  6323 | D:8      | Found Busudgh's Antique Armour Shop.
  6414 | D:8      | Noticed a two-headed ogre
  6425 | D:8      | Killed a two-headed ogre
  7364 | D:8      | Bought a fine ring mail for 234 gold pieces
  7364 | D:8      | Identified the +0 ring mail of Lies {rF+ Str+4 Stlth+} (You
                  | bought it in a shop on level 8 of the Dungeon)
  7418 | D:9      | Found Gewk's Magic Scroll Shoppe.
  7432 | D:9      | Reached skill level 1 in Shields
  7587 | D:9      | Found a staircase to the Orcish Mines.
  7713 | D:9      | Found Zokyov's Weapon Emporium.
  7760 | D:9      | Bought a scroll of identify for 30 gold pieces
  7760 | D:9      | Bought a scroll of identify for 30 gold pieces
  7848 | D:9      | Reached skill level 8 in Stealth
  7950 | D:9      | Reached XP level 11. HP: 56/56 MP: 15/15
  8145 | D:9      | Acquired the amulet "Gagreju" {Acrobat Fly rC++ Regen+
                  | Slay-2}
  8165 | D:10     | Entered Level 10 of the Dungeon
  8298 | D:10     | Found Renin's Specific Store.
  8300 | D:10     | Found Goaliaw's General Store.
  8304 | D:10     | Bought a scroll of fear for 56 gold pieces
  8328 | D:10     | Found a snail-covered altar of Cheibriados.
  8687 | D:10     | Found a hazy altar of Hepliaklqana.
  8890 | D:11     | Reached *** piety under the Shining One
  8936 | D:11     | Noticed a cyclops
  8949 | D:11     | Killed a cyclops
  9001 | D:11     | Found a staircase to the Lair.
  9046 | D:11     | Noticed a brown ugly thing
  9066 | D:11     | Killed a brown ugly thing
  9112 | D:11     | Noticed a two-headed ogre
  9136 | D:11     | Killed a two-headed ogre
  9296 | D:11     | Noticed a centaur warrior
  9316 | D:11     | Killed a centaur warrior
  9317 | D:11     | Reached skill level 9 in Stealth
  9755 | Lair:1   | Entered Level 1 of the Lair of Beasts
  9846 | Lair:1   | Reached skill level 5 in Shields
  9897 | Lair:1   | Noticed Gastronok
  9934 | Lair:1   | Killed Gastronok
  9935 | Lair:1   | Reached XP level 12. HP: 55/63 MP: 5/16
 10135 | Lair:1   | Reached skill level 5 in Invocations
 10251 | Lair:1   | Noticed an eight-headed hydra
 10307 | Lair:1   | Noticed a seven-headed hydra
 10309 | Lair:1   | Killed an eight-headed hydra
 10333 | Lair:1   | Killed a seven-headed hydra
 10428 | Lair:1   | You are sucked into a shaft and drop 1 floor!
 10712 | Lair:2   | Reached skill level 10 in Stealth
 11058 | Lair:1   | Found the +1 robe of Vines {NoPotionHeal Regen++++}
 12037 | Lair:2   | Reached XP level 13. HP: 70/70 MP: 6/18
 12043 | Lair:2   | Found a staircase to the Swamp.
 12093 | Lair:2   | Reached **** piety under the Shining One
 12263 | Lair:2   | Found a staircase to the Snake Pit.
 13066 | Lair:3   | Reached skill level 11 in Stealth
 13527 | Lair:3   | Reached skill level 10 in Short Blades
 13983 | Lair:4   | Reached skill level 10 in Fighting
 14208 | Lair:4   | Found a staircase to the Slime Pits.
 14209 | Lair:4   | Found a viscous altar of Jiyva.
 14555 | Lair:4   | Reached XP level 14. HP: 77/77 MP: 20/20
 14702 | Lair:5   | Entered Level 5 of the Lair of Beasts
 14723 | Lair:5   | Reached skill level 10 in Dodging
 15016 | Lair:5   | Noticed a dire elephant
 15016 | Lair:5   | Noticed a dire elephant
 15016 | Lair:5   | Reached ***** piety under the Shining One
 15017 | Lair:5   | Noticed a dire elephant
 15021 | Lair:5   | Noticed a dire elephant
 15943 | Lair:5   | Reached skill level 12 in Stealth
 16470 | Lair:5   | Slain by a dire elephant

Illustrated notes

Levels and vault maps discovered:
D:1:      lemuel_arrival_room, layout_basic, amcnicky_mini_pool_small
D:2:      layout_loops_ring, uniq_sigmund
D:3:      kennysheep_slugbush, layout_basic, chequers_serial_rivers_large_a
D:4:      layout_loops_ring, nemelex_diamond_rough_becter, serial_shops, shop,
          serial_demonic, serial_demonic_a, serial_demonic_b, serial_demonic_e,
          serial_demonic_f
D:5:      layout_rooms
D:6:      layout_loops_corners, kiku_gazebo_garden_becter,
          minmay_temple_entry_proselytizer, uniq_edmund, uniq_grinder,
          uniq_pikel
D:7:      layout_basic, elyvilon_altar_4, uniq_joseph, uniq_crazy_yiuf_cottage,
          uniq_duvessa
D:8:      layout_cave_pods, serial_shops, shop, nicolae_lava_and_water,
          uniq_grum
D:9:      layout_rooms, orc_0_dummy, serial_shops, nicolae_shop_trees,
          nicolae_shop_tiny_waterfront, grunt_decor_one_mirror
D:10:     layout_roguey, cheibrodos_worm_habitat,
          nicolae_hepliaklqana_monster_ancestors, nicolae_specific_store
D:11:     layout_basic, david_lair_shrubbed
Temple:   hellmonk_temple_divided_pantheon
Lair:1:   layout_gridlike, special_room [special_room_bee],
          hellmonk_guarded_unrand_vines, grunt_megastairs_4,
          infiniplex_staircase_pool_2, uniq_gastronok
Lair:2:   layout_gridlike, nicolae_swamp_entry_splash_gauntlet,
          nicolae_snake_entry_warm_welcome, bobbens_dragon_lair_wall
Lair:3:   layout_cave_pods, evilmike_ambush [evilmike_ambush_outer_pillars,
          evilmike_ambush_inner_basic]
Lair:4:   layout_cave_shapes, slime_entry_1, serial_bayou_pond_b
Lair:5:   due_jungle_book, layout_gridlike, infiniplex_staircase_pool,
          grunt_megastairs_5

Skill      XL: |  1  2  3  4  5  6  7  8  9 10 11 12 13 14 |
---------------+-------------------------------------------+-----
Short Blades   | 3 4 5 6 7 8 9 10 | 10.5
Stealth        | 1 2 3 4 5 6 8 9 10 11 12 | 12.1
Fighting       | 3 4 5 6 7 8 10 11 | 11.0
Dodging        | 3 4 5 6 7 8 9 10 | 10.5
Spellcasting   | 1 2 |  2.2
Evocations     | 1 3 |  3.6
Armour         | 2 3 4 |  4.7
Invocations    | 1 3 4 6 7 |  7.8
Shields        | 2 5 7 8 9 |  9.6
Ranged Weapons | |  0.2

Action                     |  1- 3 |  4- 6 |  7- 9 | 10-12 | 13-15 || total
---------------------------+-------+-------+-------+-------+-------++-------
  Melee: Short sword       |    93 |    30 |   410 |   391 |  1229 ||  2153
         Bite              |    36 |    51 |   198 |   844 |  1139 ||  2268
         Dagger            |     8 |    94 |       |  1137 |   615 ||  1854
   Fire: Hand crossbow     |       |       |       |       |     3 ||     3
 Invoke: Divine Shield     |       |       |       |     1 |       ||     1
  Evoke: Wand              |       |       |     3 |    35 |     6 ||    44
    Use: Scroll            |       |       |     8 |    15 |     3 ||    26
         Potion            |       |       |       |     2 |       ||     2
   Stab: Sleeping          |       |     1 |     1 |       |       ||     2
         Distracted        |       |     1 |       |       |       ||     1
 Armour: Robe              |    15 |    26 |   119 |   166 |   307 ||   633
         Chain mail        |       |       |       |    30 |       ||    30
         Troll leather arm |       |       |       |   130 |       ||   130
  Dodge: Dodged            |    50 |    69 |   231 |   784 |   946 ||  2080
  Block: Kite shield       |       |       |       |   892 |  1282 ||  2174
